 Dungeon Crawl Stone Soup version 0.30-a0-782-ge64f9170bb (webtiles) character file.

Game seed: 1799643404547503131

76350 112233 the Eclecticist (level 15, 0/119 HPs)
             Began as a Demonspawn Wanderer on Feb 28, 2023.
             Was an Initiate of Gozag.
             Killed from afar by a starcursed mass (8 damage)
             ... with an accursed screaming
             ... on level 4 of the Abyss on Mar 1, 2023.
             The game lasted 00:51:15 (35791 turns).

112233 the Eclecticist (Demonspawn Wanderer)       Turns: 35791, Time: 00:51:15

Health: 0/119      AC:  9    Str:  9    XL:     15   Next: 12%
Magic:  35/35      EV: 29    Int: 22    God:    Gozag
Gold:   266        SH:  9    Dex: 19    Spells: 40/46 levels left

rFire   . . .      SeeInvis .    G - +7 dagger (pain)
rCold   . . .      Faith    .    e - +3 buckler {AC+3}
rNeg    . . .      Spirit   .    f - +2 robe {Archmagi}
rPois   .          Reflect  .    b - +0 helmet
rElec   .          Harm     .    E - +0 cloak
rCorr   .          Rampage  .    (gloves unavailable)
Will    +....      Archmagi +    (no boots)
Stlth   ++                       V - amulet of the acrobat
HPRegen 0.39/turn                O - +5 ring of evasion
MPRegen 0.24/turn                c - +5 ring of evasion

@: about to teleport, on berserk cooldown
A: claws 3, foul stench 2, augmentation 1, big brain 2, demonic magic 2
a: Renounce Religion, Potion Petition, Call Merchant, Bribe Branch


You were on level 4 of the Abyss.
You worshipped Gozag.
Gozag was aware of your devotion.
You visited 4 branches of the dungeon, and saw 22 of its levels.
You visited the Abyss 1 time.

You collected 7597 gold pieces.
You spent 228 gold pieces at shops.
You paid 7103 gold pieces to Gozag.

Inventory:

Hand Weapons
 G - a +7 dagger of pain (weapon)
Armour
 b - a +0 helmet (worn)
 e - a +3 buckler of protection (worn)
 f - a +2 robe of the Archmagi (worn)
 E - a +0 cloak (worn)
 W - quicksilver dragon scales
Jewellery
 c - a +5 ring of evasion (right claw)
 j - a +4 ring of protection
 t - a ring of protection from fire
 y - a ring of wizardry
 K - a ring of positive energy
 O - a +5 ring of evasion (left claw)
 U - a ring of protection from fire
 V - an amulet of the acrobat (around neck)
 X - a ring of see invisible
Wands
 k - a wand of flame (20)
 R - a wand of paralysis (6)
 S - a wand of polymorph (7)
Scrolls
 a - 4 scrolls of enchant armour
 h - 2 scrolls of immolation
 l - 5 scrolls of vulnerability
 m - 2 scrolls of fog
 n - a scroll of torment {unknown}
 o - 6 scrolls of fear
 p - 2 scrolls of teleportation
 D - a scroll of butterflies {unknown}
 F - 3 scrolls of noise
 M - 3 scrolls of magic mapping
 P - 2 scrolls of poison {unknown}
 Q - 2 scrolls of silence {unknown}
 T - a scroll of amnesia {unknown}
 Y - a scroll of blinking {unknown}
Potions
 g - 2 potions of resistance
 q - 2 potions of curing
 r - a potion of might
 s - 4 potions of haste
 u - 5 potions of lignification
 v - 3 potions of mutation {unknown}
 w - a potion of magic
 z - 3 potions of flight
 A - a potion of attraction {unknown}
 B - 2 potions of brilliance {unknown}
 H - 2 potions of ambrosia {unknown}
 I - 4 potions of berserk rage
 L - 2 potions of degeneration {unknown}
 N - 3 potions of cancellation {unknown}


   Skills:
 + Level 11.6 Fighting
 + Level 11.5 Dodging
 - Level 1.7 Stealth
 - Level 5.6 Shields
 * Level 16.0 Spellcasting
 - Level 13.1 Necromancy


You had 40 spell levels left.
You knew the following spells:

 Your Spells              Type           Power      Damage    Failure   Level
a - Necrotise             Necr           100%       1d9       1%          1
b - Vampiric Draining     Necr           85%        2d12      1%          3
c - Blink                 Tloc           52%        N/A       6%          2

Your spell library contained the following spells:

 Spells                   Type           Power      Damage    Failure   Level
 Kiss of Death            Conj/Necr      100%       2d13      1%          1
 Dispel Undead            Necr           85%        3d27      1%          4
 Lesser Beckoning         Tloc           52%        N/A       6%          2
 Momentum Strike          Conj/Tloc      52%        3d9       6%          2
 Confusing Touch          Hex            26%        N/A       12%         3
 Dazzling Flash           Conj/Hex       52%        N/A       12%         3
 Frozen Ramparts          Ice            52%        1d8       12%         3
 Gell's Gravitas          Tloc           26%        N/A       12%         3
 Ignite Poison            Fire/Tmut/Pois 26%        N/A       12%         3
 Kindle Blastsparks       Fire/Tloc/Air  52%        2d14      12%         3
 Teleport Other           Tloc           26%        N/A       12%         3
 Ice Form                 Ice/Tmut       26%        N/A       38%         4
 Iskenderun's Mystic Bla  Conj/Tloc      26%        2d7       38%         4
 Summon Ice Beast         Ice/Summ       26%        N/A       38%         4
 Summon Lightning Spire   Summ/Air       26%        N/A       38%         4
 Freezing Cloud           Conj/Ice/Air   13%        6-21      75%         5
 Dispersal                Tloc           13%        N/A       99%         6
 Starburst                Conj/Fire      13%        6d5       99%         6
 Malign Gateway           Summ/Tloc      13%        N/A       100%        7
 Storm Form               Tmut/Air       13%        N/A       100%        7
 Maxwell's Capacitive Co  Air            13%        ∞         100%        8
 Summon Horrible Things   Summ           13%        N/A       100%        8


Dungeon Overview and Level Annotations

Branches:
Dungeon (14/15)            Temple (1/1) D:4            Lair (5/5) D:9
  Swamp (0/4) Lair:2       Spider (0/4) Lair:3        Slime (0/5) Lair:5
    Orc (2/2) D:10            Elf (0/3) Orc:2        Vaults (0/5) D:13

Altars:
Ashenzari
Cheibriados
Dithmenos
Fedhas
Gozag
Hepliaklqana
Kikubaaqudgha
Makhleb
Nemelex Xobeh
Okawaru
Qazlal
Ru
Sif Muna
Trog
Uskayaw
Vehumet
Wu Jian
Xom
Yredelemnul

Shops:
D:13 *   Orc:2 *[=(

Annotations:
D:8 exclusion: 2 downstairs
D:11 Josephine
Lair:3 1 runed translucent door
Lair:5 exclusion: 3 oklob plants


Innate Abilities, Weirdness & Mutations

You have claws for hands.
You sometimes emit foul miasma when damaged in melee.
Your magical and physical power is slightly enhanced at high health.
You have an extremely huge brain. (Int +4)
Spells you cast may paralyse nearby enemies.


Message History

You block the puff of frost.
You feel better. The rust devil misses you.
Unknown command.
A starcursed mass comes into view.
A starcursed mass splits.
The white imp gestures at you. The puff of frost misses you.
The puff of frost hits the starcursed mass but does no damage.
A chorus of shrieks assaults your mind.
* * * LOW HITPOINT WARNING * * *
You block the white imp's attack. The rust devil completely misses you.
Unknown command.
A chorus of shrieks assaults your mind.
* * * LOW HITPOINT WARNING * * *
Unknown command.
A starcursed mass splits.
A chorus of shrieks assaults your mind.
* * * LOW HITPOINT WARNING * * *
A starcursed mass splits.
The small abomination completely misses you. 2 raiju come into view.
Unknown command.
Okay, then.
Unknown command.
You feel better.
You feel yourself speed up.
You feel a little less mighty now. The rust devil closely misses you.
You block the rust devil's attack.
A starcursed mass splits.
Unknown command.
The starcursed mass shrieks in your mind.
* * * LOW HITPOINT WARNING * * *
Unknown command.
Okay, then.
A starcursed mass splits.
A deafening chorus of shrieks assaults your mind!
* * * LOW HITPOINT WARNING * * *
You feel better.
A deafening chorus of shrieks assaults your mind!
You die...
Your body crumbles into a pile of gold. .hh

.## #.§.#.# # .
###.§# # #.#
...#...##.#..#
##.XX #...#§ ..
#X#X#X...#.#
#...###..##X#...#.
# #....X#.#...##
...# #@*45##.#
...#. ##.##x.....#
.## .
#.####......#####
..##. .###.###
.##.. # ..# #. §.
# # # .


You could see 5 starcursed masses, a wretched star, a rust devil, a small
abomination and a white imp.

Vanquished Creatures
  An Executioner (Abyss:4)
  An orc warlord (Orc:2)
  An ironbound preserver (D:13)
  Snorg (D:13)
  2 ettins (Orc:1)
  A great orb of eyes (D:13)
  4 hydras
  A catoblepas (Lair:2)
  A centaur warrior (D:13)
  An alligator (Lair:5)
  7 death yaks
  3 boulder beetles
  A two-headed ogre (D:12)
  Sonja (D:13)
  4 orc high priests (Orc:1)
  Nergalle (D:10)
  A skyshark (Lair:5)
  A phantasmal warrior (Abyss:4)
  A lindwurm (Lair:5)
  Pikel (D:7)
  A wolf spider (Lair:3)
  4 orc knights
  6 orc sorcerers
  2 manticores
  5 cyclopes
  4 ugly things
  Maurice (D:10)
  4 black mambas
  11 elephants
  A smoke demon (Abyss:2)
  10 cane toads
  2 gargoyles
  Maggie (D:7)
  5 komodo dragons
  A kobold demonologist (D:8)
  2 rime drakes
  A tengu conjurer (D:14)
  Prince Ribbit (D:5)
  4 trolls
  5 polar bears (Lair:5)
  6 hornets
  Grinder (D:3)
  31 blink frogs
  A dream sheep (Lair:5)
  6 slime creatures
  14 spriggans (Lair:5)
  Sigmund (D:3)
  A shadow (D:13)
  4 wraiths
  2 wyverns
  45 yaks
  A basilisk (Lair:2)
  A steam dragon (D:6)
  6 vampire mosquitoes (D:13)
  8 wargs
  4 hell hounds (Abyss:2)
  2 acid dragons (D:13)
  7 water moccasins
  Duvessa (D:4)
  31 orc warriors
  5 black bears
  An ice beast (D:6)
  3 sky beasts
  3 boggarts (Lair:5)
  4 ogres
  29 wolves
  A lemure (D:7)
  4 centaurs
  7 kobold brigands
  A phantom (D:6)
  A small abomination (Abyss:2)
  9 bullfrogs
  3 necrophages
  3 scorpions
  Dowan (D:4)
  15 killer bees
  11 howler monkeys
  3 jellies
  A gnoll bouda (D:6)
  3 hounds
  Crazy Yiuf (D:3)
  23 orc priests
  An iguana (D:5)
  Ijyb (D:4)
  Terence (D:3)
  30 orc wizards
  Natasha (thrice) (D:4)
  3 hell rats (Lair:5)
  19 gnolls
  6 adders
  7 river rats
  A shadow imp (D:8)
  A white imp (D:7)
  2 ufetubi
  3 worms
  2 dart slugs
  76 orcs
  3 endoplasms (D:1)
  4 giant cockroaches
  5 hobgoblins
  2 quokkas
  6 ball pythons
  7 bats
  6 frilled lizards
  9 goblins
  33 kobolds
  9 rats
  A spectral hobgoblin (D:6)
652 creatures vanquished.

Vanquished Creatures (others)
  An orc priest (Orc:1)
  An orc wizard (Orc:1)
  19 fungi
  16 plants
  2 starspawn tentacles (Abyss:2)
39 creatures vanquished.

Grand Total: 691 creatures vanquished

Notes
Turn   | Place    | Note
-------+----------+-------------------------------------------
     0 | D:1      | 112233 the Demonspawn Wanderer began the quest for the Orb.
     0 | D:1      | 112233 set off with the following items: a +0 dagger, a +0
                  | helmet, a scroll of teleportation, a +0 robe, a +0 buckler
                  | of protection; and the following spell memorised:
                  | Necrotise; and the following spells available to memorise:
                  | Vampiric Draining.
     0 | D:1      | Reached XP level 1. HP: 15/15 MP: 2/2
   397 | D:1      | Gained mutation: Spells you cast may paralyse adjacent
                  | enemies. [demonic ancestry]
   397 | D:1      | Reached XP level 2. HP: 21/21 MP: 2/4
  1147 | D:2      | Reached skill level 2 in Spellcasting
  1195 | D:2      | Gained mutation: You have sharp fingernails. [demonic
                  | ancestry]
  1195 | D:2      | Reached XP level 3. HP: 26/26 MP: 6/6
  1859 | D:3      | Found a runed translucent door.
  1860 | D:3      | Noticed Crazy Yiuf
  1924 | D:3      | Noticed Grinder
  2190 | D:4      | Found a staircase to the Ecumenical Temple.
  2200 | Temple   | Entered the Ecumenical Temple
  2204 | Temple   | Became a worshipper of Gozag Ym Sagoz the Greedy
  2211 | D:4      | Noticed a scorpion
  2231 | D:4      | Noticed Ijyb
  2246 | D:4      | Killed Ijyb
  2247 | D:4      | Gained mutation: You have an unusually large brain. (Int
                  | +2) [demonic ancestry]
  2247 | D:4      | Reached XP level 4. HP: 29/32 MP: 7/7
  2393 | D:4      | Killed a scorpion
  2394 | D:4      | Gained mutation: You may rarely emit foul miasma when
                  | damaged in melee. [demonic ancestry]
  2394 | D:4      | Reached XP level 5. HP: 11/37 MP: 2/9
  2612 | D:4      | Reached skill level 3 in Spellcasting
  2729 | D:4      | Noticed Natasha
  2737 | D:4      | Killed Natasha
  2917 | D:4      | Noticed Dowan
  2988 | D:5      | Entered Level 5 of the Dungeon
  3056 | D:4      | Gained mutation: You have an extremely huge brain. (Int +4)
                  | [demonic ancestry]
  3056 | D:4      | Reached XP level 6. HP: 34/43 MP: 5/11
  3177 | D:5      | Noticed Prince Ribbit
  3193 | D:5      | Killed Prince Ribbit
  3194 | D:5      | Reached skill level 4 in Spellcasting
  3474 | D:5      | Gained mutation: You have very sharp fingernails. [demonic
                  | ancestry]
  3474 | D:5      | Reached XP level 7. HP: 48/48 MP: 5/13
  3681 | D:5      | Found a sparkling altar of Nemelex Xobeh.
  3686 | D:5      | Learned a level 3 spell: Vampiric Draining
  4301 | D:4      | Noticed Natasha
  4306 | D:4      | Killed Natasha
  4474 | D:4      | Noticed Natasha
  4482 | D:4      | Killed Natasha
  4589 | D:4      | Reached skill level 5 in Spellcasting
  4614 | D:4      | Reached skill level 5 in Shields
  4763 | D:3      | Killed Grinder
  4764 | D:3      | Gained mutation: You have claws for hands. [demonic
                  | ancestry]
  4764 | D:3      | Reached XP level 8. HP: 20/54 MP: 12/16
  4768 | D:3      | Noticed Terence
  4829 | D:4      | Noticed Duvessa
  5677 | D:5      | Found an ancient bone altar of Kikubaaqudgha.
  5840 | D:5      | Reached skill level 6 in Spellcasting
  5840 | D:5      | Reached skill level 5 in Necromancy
  5947 | D:3      | Killed Terence
  6148 | D:3      | Noticed Sigmund
  6158 | D:3      | Killed Sigmund
  6520 | D:3      | Killed Crazy Yiuf
  6961 | D:4      | Killed Duvessa
  6990 | D:4      | Killed Dowan
  7679 | D:6      | Gained mutation: You sometimes emit foul miasma when
                  | damaged in melee. [demonic ancestry]
  7679 | D:6      | Reached XP level 9. HP: 61/61 MP: 13/19
  7696 | D:6      | Found a hazy altar of Hepliaklqana.
  7787 | D:6      | Reached skill level 7 in Spellcasting
  7902 | D:6      | Reached skill level 5 in Dodging
  8737 | D:7      | Noticed Maggie
  9527 | D:7      | Noticed Pikel
  9565 | D:7      | Killed Pikel
  9566 | D:7      | Reached skill level 8 in Spellcasting
  9682 | D:7      | Killed Maggie
 10074 | D:7      | Gained mutation: Spells you cast may paralyse nearby
                  | enemies. [demonic ancestry]
 10074 | D:7      | Reached XP level 10. HP: 72/72 MP: 14/22
 10324 | D:8      | Found a radiant altar of Vehumet.
 11045 | D:8      | Paralysed by a hornet for 3 turns
 11051 | D:8      | Reached skill level 9 in Spellcasting
 11296 | D:8      | Found a stormy altar of Qazlal.
 11460 | D:8      | Reached skill level 5 in Fighting
 11936 | D:9      | Noticed a sun demon
 12024 | D:9      | Noticed a death yak
 12037 | D:9      | Noticed a death yak
 12039 | D:9      | Noticed a death yak
 12048 | D:8      | Killed a death yak
 12616 | D:9      | Killed a death yak
 12631 | D:9      | Killed a death yak
 12632 | D:9      | Reached skill level 10 in Spellcasting
 12632 | D:9      | Reached XP level 11. HP: 31/81 MP: 2/25
 12850 | D:9      | Found a staircase to the Lair.
 13715 | D:10     | Entered Level 10 of the Dungeon
 13718 | D:10     | Noticed Nergalle
 13734 | D:10     | Killed Nergalle
 13911 | Lair:1   | Entered Level 1 of the Lair of Beasts
 14006 | D:9      | Learned a level 2 spell: Blink
 14307 | D:10     | Found a staircase to the Orcish Mines.
 14373 | Orc:1    | Entered Level 1 of the Orcish Mines
 14512 | Orc:1    | Identified the +0 great sword "Fadau" {freeze, rPois Str+5
                  | Int-3}
 14889 | Orc:1    | Noticed an ettin
 14914 | Orc:1    | Killed an ettin
 15395 | Orc:1    | Noticed an ettin
 15538 | D:10     | Noticed Maurice
 15554 | D:10     | Killed Maurice
 15555 | D:10     | Reached skill level 11 in Spellcasting
 16942 | D:11     | Noticed Josephine
 17020 | D:11     | Noticed a boulder beetle
 17083 | D:11     | Killed a boulder beetle
 17702 | Orc:1    | Killed an ettin
 17703 | Orc:1    | Gained mutation: Your magical and physical power is
                  | slightly enhanced at high health. [demonic ancestry]
 17703 | Orc:1    | Reached XP level 12. HP: 36/91 MP: 9/27
 18439 | Orc:1    | Reached skill level 10 in Necromancy
 18870 | Orc:2    | Entered Level 2 of the Orcish Mines
 19286 | Orc:2    | Reached skill level 12 in Spellcasting
 19438 | Orc:2    | Found a staircase to the Elven Halls.
 19794 | Orc:2    | Noticed an orc high priest
 19796 | Orc:2    | Noticed an orc high priest
 19986 | Orc:1    | Killed an orc high priest
 20655 | Orc:1    | Killed an orc high priest
 20934 | Orc:2    | Noticed an orc high priest
 21052 | Orc:1    | Killed an orc high priest
 21204 | Orc:2    | Paralysed by an orc sorcerer for 2 turns
 21494 | Orc:2    | Paralysed by an orc sorcerer for 5 turns
 21735 | Orc:2    | Noticed an orc warlord
 21901 | Orc:2    | Killed an orc warlord
 23203 | Orc:2    | Found Nikk's General Store.
 23204 | Orc:2    | Found Tugoutotuq's Jewellery Emporium.
 23206 | Orc:2    | Found Jesol's Antique Armour Emporium.
 23206 | Orc:2    | Found Oscha Giloca's Antique Weapon Shoppe.
 23411 | Orc:2    | Bought a potion of haste for 120 gold pieces
 23411 | Orc:2    | Bought a potion of heal wounds for 60 gold pieces
 23475 | Orc:1    | Noticed an orc high priest
 23696 | Orc:2    | Reached skill level 13 in Spellcasting
 23699 | Orc:2    | Reached XP level 13. HP: 100/100 MP: 19/30
 26123 | Lair:2   | Found a staircase to the Swamp.
 26260 | Lair:2   | Reached skill level 10 in Dodging
 26677 | Lair:2   | Reached skill level 14 in Spellcasting
 27236 | Lair:3   | Found a runed translucent door.
 27378 | Lair:3   | Reached skill level 10 in Fighting
 27612 | Lair:3   | Found a hole to the Spider Nest.
 28086 | Lair:4   | Found a hide-covered altar of Uskayaw.
 28086 | Lair:4   | Found an ornate altar of the Wu Jian Council.
 28417 | Lair:4   | Reached XP level 14. HP: 110/110 MP: 25/32
 29509 | Lair:5   | Entered Level 5 of the Lair of Beasts
 29623 | Lair:5   | Found a staircase to the Slime Pits.
 30309 | Lair:5   | Reached skill level 15 in Spellcasting
 33368 | D:13     | Noticed Sonja
 33372 | D:13     | Killed Sonja
 33521 | D:13     | Found a gate to the Vaults.
 33521 | D:13     | Noticed an ironbound preserver
 33544 | D:13     | Killed an ironbound preserver
 33892 | D:13     | Noticed Snorg
 33898 | D:13     | Found Niuciyl's General Store.
 33910 | D:13     | Killed Snorg
 33959 | D:13     | Found Yriec's Specific Store.
 33964 | D:13     | Bought a potion of curing for 48 gold pieces
 34611 | D:14     | Reached XP level 15. HP: 119/119 MP: 24/34
 35325 | Abyss:2  | Found a corrupted altar of Lugonu.
 35325 | Abyss:2  | Cast into level 2 of the Abyss (a wizard)
 35537 | Abyss:2  | Noticed a tentacled starspawn
 35736 | Abyss:4  | Noticed an Executioner
 35768 | Abyss:4  | Killed an Executioner
 35769 | Abyss:4  | Reached skill level 16 in Spellcasting
 35790 | Abyss:4  | HP: 1/119 [starcursed mass/accursed screaming (11)]
 35791 | Abyss:4  | Killed from afar by a starcursed mass

Illustrated notes

Levels and vault maps discovered:
D:1:      mrwooster_arrival_statue, layout_loops_corners
D:2:      layout_loops_corners
D:3:      layout_basic, uniq_crazy_yiuf_cottage, uniq_sigmund, uniq_terence,
          uniq_grinder
D:4:      layout_basic, minmay_temple_entry_statues_fountains,
          minmay_misc_feat_diagonals, chequers_serial_rivers_room_a,
          minmay_distorted, uniq_natasha, uniq_duvessa, uniq_ijyb
D:5:      layout_basic, mainiacjoe_overflow_catwalk, kennysheep_mini,
          uniq_prince_ribbit1
D:6:      layout_basic, nicolae_hepliaklqana_monster_ancestors,
          amethyst_killhole
D:7:      layout_loops_ring, uniq_maggie, uniq_pikel
D:8:      layout_basic, nicolae_qazlal_general_emergency,
          mainiacjoe_overflow_small_starburst
D:9:      layout_stronghold, dpeg_lair_monsters, lightli_bailey_entry_fortress,
          grunt_ministairs_9
D:10:     layout_irregular_city, orc_0_dummy, uniq_maurice, uniq_nergalle
D:11:     layout_rooms, uniq_josephine
D:12:     layout_layer_cave
D:13:     layout_stronghold, skrybe_vaults_entry_preservation,
          hangedman_abyss_or_decor_stagger, nicolae_specific_store, uniq_sonja,
          uniq_snorg
D:14:     layout_roguey, serial_shops, shop
Temple:   sentei_temple_godly_chess
Lair:1:   layout_regular_city, grunt_megastairs_4
Lair:2:   layout_roguey, swamp_mist
Lair:3:   layout_long_grid, spider_nest_entry_rubble, pf_torpor_hydra
Lair:4:   layout_layer_cave, nzn_masters_of_martial_movement
Lair:5:   minmay_lair_end_enchanted_forest, layout_regular_city,
          minmay_slime_entry_oklob_open, st_stairs_11,
          kennysheep_abandoned_house, lemuel_fruit_tree
Orc:1:    layout_diamond_mine, nooodl_orcs_dogs
Orc:2:    st_orc_congregation, layout_caves, mines2_lemuel
Abyss:4:  base: IceCv, bh_abyss_exit_grid, doesnt_abyss_rune_brain_food,
          hangedman_eye_storm, evilmike_abyss_rune_elephants_shrine

Skill      XL: |  1  2  3  4  5  6  7  8  9 10 11 12 13 14 15 |
---------------+----------------------------------------------+-----
Spellcasting   | 2 3 4 5 6 8 10 11 13 14 15 16 | 16.0
Necromancy     | 2 3 4 5 7 8 9 11 12 13 | 13.1
Dodging        | 2 3 4 5 7 8 9 10 11 | 11.5
Shields        | 4 5 |  5.6
Fighting       | 2 4 5 7 8 10 11 | 11.6
Stealth        | |  1.7

Action                     |  1- 3 |  4- 6 |  7- 9 | 10-12 | 13-15 || total
---------------------------+-------+-------+-------+-------+-------++-------
  Melee: Spear             |   116 |    38 |   268 |   422 |       ||   844
         Dagger            |       |       |       |   104 |   713 ||   817
   Fire: Sling             |    14 |       |       |       |       ||    14
  Throw: Throwing net      |       |       |       |     1 |     1 ||     2
   Cast: Necrotise         |     2 |    51 |   147 |   309 |    32 ||   541
         Vampiric Draining |       |       |    56 |   278 |   285 ||   619
         Blink             |       |       |       |       |     7 ||     7
 Invoke: Potion Petition   |       |       |       |     1 |    18 ||    19
  Evoke: Wand              |       |       |     4 |    53 |    27 ||    84
    Use: Potion            |     4 |     1 |       |     5 |    14 ||    24
         Scroll            |     1 |       |       |    13 |    10 ||    24
   Stab: Sleeping          |    14 |       |     4 |     6 |     6 ||    30
         Paralysed         |       |    10 |    22 |   100 |   183 ||   315
         Distracted        |       |       |     2 |     1 |     5 ||     8
 Armour: Robe              |    33 |    12 |    79 |   142 |    97 ||   363
         Skin              |       |       |       |     5 |   156 ||   161
  Dodge: Dodged            |    85 |    39 |   264 |   753 |   920 ||  2061
  Block: Buckler           |    35 |    10 |    89 |   243 |   457 ||   834

Table legend: (Time is in decaauts)
 A = Elapsed time spent in this place.
 B = Non-inter-level travel time spent in this place.
 C = Inter-level travel time spent in this place.
 D = Time resting spent in this place.
 E = Time spent auto-exploring this place.
 F = Levels seen in this place.
 G = Mean time per level.
                   A        B        C        D        E       F      G
               +--------+--------+--------+--------+--------+-----+--------+
         Total |  36490 |  34935 |   1555 |   7291 |  21380 |  25 | 1459.6 |
       Dungeon |  21317 |  20277 |   1040 |   3734 |  13100 |  14 | 1522.6 |
        Temple |      8 |      4 |      4 |      0 |      0 |   1 |    8.0 |
          Lair |   7824 |   7619 |    205 |    200 |   6211 |   5 | 1564.8 |
  Orcish Mines |   6898 |   6593 |    305 |   3282 |   2022 |   2 | 3449.0 |
         Abyss |    441 |    441 |      0 |     75 |     47 |   3 |  147.0 |
               +--------+--------+--------+--------+--------+-----+--------+

Top non-repeatable levels by time:
   Orc:1: 4703 daAuts
    D:10: 2781 daAuts
  Lair:5: 2302 daAuts
     D:9: 2288 daAuts
     D:5: 2225 daAuts
     D:4: 2213 daAuts
   Orc:2: 2195 daAuts
     D:8: 1903 daAuts
  Lair:1: 1793 daAuts
    D:13: 1696 daAuts
     D:6: 1599 daAuts
  Lair:4: 1480 daAuts
     D:7: 1364 daAuts
  Lair:2: 1286 daAuts
     D:3: 1263 daAuts
